 Dungeon Crawl Stone Soup version 0.30-a0-916-g9813417 (webtiles) character file.

Game seed: 4959200362299768882

6183 Dorkslayer the Covered (level 10, -11/96 HPs)
             Began as a Gargoyle Fighter on Apr 16, 2023.
             Was an Initiate of Gozag.
             Mangled by a boulder beetle (25 damage)
             ... on level 8 of the Dungeon.
             The game lasted 00:18:38 (6369 turns).

Dorkslayer the Covered (Gargoyle Fighter)           Turns: 6369, Time: 00:18:39

Health: -11/96     AC: 29    Str: 21    XL:     10   Next: 91%
Magic:  10/10      EV:  2    Int:  8    God:    Gozag
Gold:   778        SH: 10    Dex: 13    Spells: 9/9 levels left

rFire   . . .      SeeInvis .    a - +0 war axe
rCold   . . .      Faith    .    H - +0 kite shield
rNeg    + . .      Spirit   .    g - melded +0 plate armour
rPois   ∞          Reflect  .    q - melded +0 helmet
rElec   .          Rampage  .    y - melded +0 cloak
rCorr   .          NoTele   +    (gloves currently unavailable)
Will    .....                    (boots currently unavailable)
Stlth   +                        C - amulet of magic regeneration
HPRegen 0.36/turn                l - +4 ring of slaying
MPRegen 0.52/turn                A - +4 ring of protection

@: tree-form, hasted, very quick
A: stationary, stasis, torment immunity, boosted hp, sickness immunity, AC +7,
negative energy resistance 1, (electricity resistance), torment resistance 1,
petrification resistance, (talons 1), (fire resistance 1)
a: Renounce Religion, Potion Petition, Call Merchant, Bribe Branch


You were on level 8 of the Dungeon.
You worshipped Gozag.
Gozag was pleased with you.
You were a tree.
You visited 2 branches of the dungeon, and saw 9 of its levels.

You collected 846 gold pieces.
You paid 68 gold pieces to Gozag.

Inventory:

Hand Weapons
 a - a +0 war axe (weapon)
Missiles
 b - 9 boomerangs (quivered)
Armour
 g - a +0 plate armour (melded)
 q - a +0 helmet (melded)
 y - a +0 cloak (melded)
 H - a +0 kite shield (worn)
Jewellery
 l - a +4 ring of slaying (left branch)
 t - a ring of resist corrosion
 x - a ring of positive energy
 A - a +4 ring of protection (right branch)
 C - an amulet of magic regeneration (around neck)
Wands
 c - a wand of charming (3)
Scrolls
 d - a scroll of enchant weapon {unknown}
 h - 3 scrolls of teleportation
 k - 2 scrolls of enchant armour {unknown}
 m - 2 scrolls of silence {unknown}
 n - 3 scrolls of vulnerability {unknown}
 o - 2 scrolls of blinking {unknown}
 p - 2 scrolls of immolation {unknown}
 w - a scroll of fear {unknown}
 E - 2 scrolls of amnesia {unknown}
Potions
 e - 3 potions of flight
 f - 4 potions of magic
 i - 2 potions of attraction
 v - a potion of berserk rage
 z - 2 potions of lignification
 D - 3 potions of mutation


   Skills:
 + Level 7.7 Fighting
 + Level 6.0 Axes
 + Level 7.7 Armour
 + Level 6.1 Dodging
 + Level 7.6 Shields
 * Level 6.0 Evocations


You had 9 spell levels left.
You didn't know any spells.
Your spell library contained the following spells:

 Spells                   Type           Power      Damage    Failure   Level
 Magic Dart               Conj           0%         1d3       73%         1
 Sandblast                Erth           0%         2d4       73%         1
 Passwall                 Tmut/Erth      0%         N/A       86%         2
 Searing Ray              Conj           0%         2d4       86%         2
 Inner Flame              Hex/Fire       0%         N/A       97%         3
 Stone Arrow              Conj/Erth      0%         3d7       97%         3
 Flame Wave               Conj/Fire      0%         2d4       100%        4
 Fulminant Prism          Conj/Hex       0%         3d5       100%        4
 Sticky Flame             Conj/Fire      0%         2d3       100%        4


Dungeon Overview and Level Annotations

Branches:
Dungeon (8/15)             Temple (1/1) D:5
   Lair: D:8-11

Altars:
Ashenzari
Cheibriados
Dithmenos
Elyvilon
Fedhas
Gozag
Hepliaklqana
Kikubaaqudgha
Makhleb
Nemelex Xobeh
Okawaru
Qazlal
Ru
Sif Muna
Trog
Uskayaw
Vehumet
Wu Jian
Xom
Yredelemnul
Zin
The Shining One

Shops:
D:3 *   D:6 !


Innate Abilities, Weirdness & Mutations

You are a tree.
Your roots penetrate the ground, keeping you stationary.
You cannot be teleported.
You are immune to unholy pain and torment.
Your maximum health is greatly increased.
Your equipment is partially melded.
You are immune to sickness and miasma.
((Your stone body is resilient. (AC +7)))
You are immune to poison.
You resist negative energy. (rN+)
((You are resistant to electric shocks. (rElec)))
You are resistant to unholy torment.
You are immune to petrification.
((You have sharp toenails.))
((Your flesh is heat resistant. (rF+)))


Message History

The boulder beetle is moderately wounded.
The boulder beetle hits you.
* * * LOW HITPOINT WARNING * * *
The boulder beetle stops rolling and uncurls.
You hit the boulder beetle.
The boulder beetle is moderately wounded.
The boulder beetle bites you!
* * * LOW HITPOINT WARNING * * *
You hit the boulder beetle but do no damage.
The boulder beetle is moderately wounded.
You block the boulder beetle's attack.
You slash the boulder beetle!
The boulder beetle is heavily wounded.
The boulder beetle leaps!
Okay, then.
Throw: 9 boomerangs
Press: ? - help, Q - select action, (/) - cycle Shift-Dir - straight line, f/p - boulder beetle
Aim: a boulder beetle (heavily wounded, 91% to hit)
You throw a boomerang.
The boomerang hits the boulder beetle but does no damage.
The boulder beetle is heavily wounded.
You recover from your berserk rage.
The boulder beetle curls into a ball and begins rolling!
Throw: 9 boomerangs
Press: ? - help, Q - select action, (/) - cycle Shift-Dir - straight line, f/p - boulder beetle
Aim: a boulder beetle (heavily wounded, rolling, 91% to hit)
You throw a boomerang.
The boomerang hits the boulder beetle but does no damage.
The boulder beetle is heavily wounded.
Throw: 9 boomerangs
Press: ? - help, Q - select action, (/) - cycle Shift-Dir - straight line, f/p - boulder beetle
Aim: a boulder beetle (heavily wounded, rolling, 91% to hit)
You throw a boomerang.
The boomerang barely misses the boulder beetle.
Unknown command.
You hit the boulder beetle but do no damage.
The boulder beetle is heavily wounded.
The boulder beetle hits you!!
You die...
Your body crumbles into a pile of gold.

....##...##.......###...........#
....####.##.......# #...........#
....# #...#....### #...........#
###.######.#.#############......#
.............#...#...#...#......#
###.#######.##°$.'(..${..########
#.# #..#.°.#...#$..# #.#
#..##B#######o## #.#
#.##..♣#..o#.o.# #)#
#.##..$#..Bo...# ###)# ###
#.##.).#..o#...# .##.#
#.###.###'#######B## .##.#
#......#...#.. ...
.##'###.###.##...#. '...#
.....##.#....#.).# .#...#
.....##.#.#..##'## #######
.....'..#.#####.#######


You could see a boulder beetle (rolling).

Vanquished Creatures
  Pikel (D:7)
  An ugly thing (D:8)
  A cyclops (D:8)
  A gargoyle (D:8)
  A komodo dragon (D:8)
  A kobold demonologist (D:8)
  A spriggan (shapeshifter) (D:8)
  A slime creature (D:8)
  3 water moccasins
  Edmund (D:5)
  An orc warrior (D:7)
  2 black bears
  4 ogres
  2 centaurs
  A lemure (D:7)
  2 phantoms
  A kobold brigand (D:8)
  A necrophage (D:4)
  2 scorpions
  5 wights (D:7)
  12 killer bees
  A howler monkey (D:5)
  3 hounds
  3 jellies
  4 orc priests
  A gnoll bouda (D:4)
  4 sleepcaps
  2 iguanas
  16 orc wizards
  A hound skeleton (D:4)
  7 adders
  8 gnolls (D:4)
  A shadow imp (D:7)
  2 white imps
  2 ufetubi (D:5)
  A worm (D:2)
  A dart slug (D:3)
  23 orcs
  6 endoplasms
  3 giant cockroaches
  8 goblins
  7 hobgoblins
  14 kobolds
  2 quokkas
  A ball python (D:1)
  11 bats
  6 frilled lizards
  3 rats (D:2)
186 creatures vanquished.

Vanquished Creatures (collateral kills)
  A killer bee (D:8)
  An orc priest (D:8)
2 creatures vanquished.

Vanquished Creatures (others)
  A two-headed ogre (D:8)
  An orc warrior (D:8)
  A killer bee (D:8)
  A fungus (D:5)
4 creatures vanquished.

Grand Total: 192 creatures vanquished

Notes
Turn   | Place    | Note
-------+----------+-------------------------------------------
     0 | D:1      | Dorkslayer the Gargoyle Fighter began the quest for the
                  | Orb.
     0 | D:1      | Reached XP level 1. HP: 14/14 MP: 1/1
   129 | D:1      | Reached XP level 2. HP: 12/19 MP: 2/2
   250 | D:1      | Found a faded altar of an unknown god.
   658 | D:2      | Reached skill level 1 in Dodging
   658 | D:2      | Reached XP level 3. HP: 21/23 MP: 3/3
   954 | D:2      | Reached XP level 4. HP: 26/28 MP: 4/4
  1464 | D:3      | You fall into a shaft and drop 3 floors!
  1466 | D:6      | Found a shadowy altar of Dithmenos.
  1561 | D:6      | Noticed a water moccasin
  1585 | D:6      | Killed a water moccasin
  1586 | D:6      | Reached XP level 5. HP: 26/33 MP: 5/5
  1588 | D:6      | Reached XP level 6. HP: 30/38 MP: 6/6
  1932 | D:6      | Found Hateuz's Distillery.
  1948 | D:6      | Reached XP level 7. HP: 32/44 MP: 7/7
  1951 | D:5      | Entered Level 5 of the Dungeon
  2023 | D:5      | Noticed Edmund
  2040 | D:5      | Killed Edmund
  2041 | D:5      | Reached skill level 5 in Armour
  2068 | D:5      | Reached skill level 5 in Fighting
  2068 | D:5      | Reached skill level 5 in Shields
  2129 | D:5      | Found a sparkling altar of Nemelex Xobeh.
  2130 | D:5      | Found a radiant altar of Vehumet.
  2131 | D:5      | Found a glowing silver altar of Zin.
  2131 | D:5      | Found a blossoming altar of Fedhas.
  2215 | D:5      | Reached XP level 8. HP: 48/49 MP: 8/8
  2324 | D:4      | Found a white marble altar of Elyvilon.
  2344 | D:3      | Found a bloodstained altar of Trog.
  2344 | D:3      | Found an ancient bone altar of Kikubaaqudgha.
  2347 | D:3      | Found a shimmering altar of Xom.
  2493 | D:4      | Found a burning altar of Makhleb.
  2559 | D:3      | Identified the +3 whip of Governance {holy, Drain Int+6
                  | Dex+6}
  2989 | D:3      | Found a basalt altar of Yredelemnul.
  3358 | D:3      | Found Gaong's General Store.
  3582 | D:5      | Found a staircase to the Ecumenical Temple.
  3587 | D:5      | Reached skill level 1 in Evocations
  3599 | Temple   | Entered the Ecumenical Temple
  3610 | Temple   | Became a worshipper of Gozag Ym Sagoz the Greedy
  4310 | D:6      | Found a snail-covered altar of Cheibriados.
  4367 | D:6      | Reached XP level 9. HP: 55/55 MP: 9/9
  4772 | D:7      | Reached skill level 5 in Dodging
  4956 | D:7      | Noticed Pikel
  4959 | D:7      | Killed Pikel
  4995 | D:7      | Found a sacrificial altar of Ru.
  5072 | D:7      | Reached skill level 5 in Axes
  5416 | D:7      | Reached XP level 10. HP: 58/61 MP: 10/10
  5436 | D:7      | Found an ornate altar of the Wu Jian Council.
  5864 | D:8      | Noticed a two-headed ogre
  5985 | D:8      | Reached skill level 5 in Evocations
  6083 | D:8      | Noticed a kobold demonologist
  6091 | D:8      | Killed a kobold demonologist
  6096 | D:8      | Noticed an entropy weaver
  6101 | D:8      | an entropy weaver changed into a cane toad
  6101 | D:8      | Noticed a cane toad (shapeshifter)
  6102 | D:8      | a cane toad changed into a spriggan
  6111 | D:8      | Noticed a cyclops
  6123 | D:8      | Killed a cyclops
  6263 | D:8      | Noticed a gargoyle
  6269 | D:8      | Killed a gargoyle
  6303 | D:8      | Noticed a purple ugly thing
  6306 | D:8      | Noticed a boulder beetle
  6333 | D:8      | Killed a purple ugly thing
  6345 | D:8      | Gained mutation: Your flesh is heat resistant. (rF+)
                  | [potion of mutation]
  6345 | D:8      | Gained mutation: You have sharp toenails. [potion of
                  | mutation]
  6369 | D:8      | Mangled by a boulder beetle

Illustrated notes

Levels and vault maps discovered:
D:1:      dpeg_arrival_rhombus, layout_basic, basic_ecumenical_altar,
          dreamdust_princess_corridor
D:2:      layout_basic
D:3:      layout_basic, old_standard_altar, nicolae_overflow_hidden_temple,
          serial_shops, shop
D:4:      layout_gridville, makhleb_blood_cavern_becter, lemuel_crystal_altar,
          feat_on_display
D:5:      layout_layer_cave, mainiacjoe_overflow_alcove_3,
          minmay_temple_entry_trees, uniq_edmund
D:6:      layout_loops_corners, mainiacjoe_overflow_small_starburst,
          mainiacjoe_overflow_alcove_1, nicolae_stop_n_shop_2
D:7:      layout_basic, nzn_wu_jian_contemplation,
          nicolae_ru_great_annihilating_truth, uniq_pikel
D:8:      layout_basic, abandoned_shop, chequers_serial_rivers_micro_d,
          minmay_evil_grid, uniq_maggie, uniq_maurice
Temple:   nicolae_temple_colour_theory

Skill      XL: |  1  2  3  4  5  6  7  8  9 10 |
---------------+-------------------------------+-----
Axes           | 2 3 4 5 6 |  6.0
Dodging        | 1 2 3 4 5 6 |  6.1
Fighting       | 4 5 6 7 |  7.7
Armour         | 4 5 6 7 |  7.7
Shields        | 4 5 6 7 |  7.6
Evocations     | 2 4 6 |  6.0

Action                     |  1- 3 |  4- 6 |  7- 9 | 10-12 || total
---------------------------+-------+-------+-------+-------++-------
  Melee: War axe           |    74 |    54 |   290 |   208 ||   626
  Throw: Boomerang         |       |     3 |     9 |     3 ||    15
  Evoke: Wand              |       |       |     3 |    11 ||    14
    Use: Potion            |       |     2 |     4 |    14 ||    20
         Scroll            |       |       |     6 |     1 ||     7
   Stab: Paralysed         |       |       |     1 |       ||     1
         Distracted        |       |       |       |     1 ||     1
 Armour: Scale mail        |    63 |    19 |       |       ||    82
         Chain mail        |       |    40 |   279 |    64 ||   383
         Plate armour      |       |       |       |    75 ||    75
         Skin              |       |       |       |     2 ||     2
  Dodge: Dodged            |    39 |    22 |   152 |    62 ||   275
  Block: Buckler           |    27 |    20 |    38 |       ||    85
         Kite shield       |       |       |   131 |   123 ||   254

Table legend: (Time is in decaauts)
 A = Elapsed time spent in this place.
 B = Non-inter-level travel time spent in this place.
 C = Inter-level travel time spent in this place.
 D = Time resting spent in this place.
 E = Time spent auto-exploring this place.
 F = Levels seen in this place.
 G = Mean time per level.
                   A        B        C        D        E       F      G
               +--------+--------+--------+--------+--------+-----+--------+
         Total |   6616 |   6616 |      0 |     10 |   3010 |   9 |  735.1 |
       Dungeon |   6541 |   6541 |      0 |     10 |   2970 |   8 |  817.6 |
        Temple |     75 |     75 |      0 |      0 |     40 |   1 |   75.0 |
               +--------+--------+--------+--------+--------+-----+--------+

Top non-repeatable levels by time:
     D:6: 1190 daAuts
     D:7: 1034 daAuts
     D:3: 903 daAuts
     D:2: 829 daAuts
     D:8: 744 daAuts
     D:5: 679 daAuts
     D:1: 665 daAuts
     D:4: 494 daAuts
  Temple: 75 daAuts
